 Dungeon Crawl Stone Soup version 0.26-a0-665-gefeb406119 (webtiles) character file.

Game seed: 13449148150758987874

25207 somkeydreadnuts the Blocker (level 13, -1/104 HPs)
             Began as a Gnoll Fighter on Oct 13, 2020.
             Was a High Priest of the Shining One.
             Slain by a titanic slime creature (80 damage)
             ... on level 12 of the Dungeon on Oct 14, 2020.
             The game lasted 01:37:40 (11254 turns).

somkeydreadnuts the Blocker (Gnoll Fighter)        Turns: 11254, Time: 01:37:40

Health: -1/104     AC: 19    Str: 29    XL:     13   Next: 18%
Magic:  25/25      EV: 18    Int: 11    God:    the Shining One [*****.]
Gold:   194        SH:  7    Dex: 15    Spells: 26/28 levels left

rFire    + . .     SeeInvis .   R - +4 double sword (holy)
rCold    . . .     Faith    .   b - +0 buckler of the Blind Marksman {+Inv MR+} (curse)
rNeg     + + .     Spirit   .   S - +3 chain mail {MR+}
rPois    .         Reflect  .   (helmet restricted)
rElec    .         Harm     .   g - +0 cloak
rCorr    .         Rampage  .   f - +0 pair of gloves
MR       ++...     Rnd*Rage +   (no boots)
Stlth    +.........             J - amulet of regeneration
HPRegen  0.67/turn              i - +4 ring of evasion
MPRegen  0.19/turn              B - +6 ring of strength

@: glowing
A: distributed training, fangs 1, horns 1, iridescent scales 1, berserk 1, fire
resistance 1, strong nose
a: Divine Shield, Cleansing Flame, Summon Divine Warrior, Renounce Religion,
Evoke Invisibility


You were on level 12 of the Dungeon.
You worshipped the Shining One.
The Shining One was extremely pleased with you.
You visited 2 branches of the dungeon, and saw 13 of its levels.

You collected 758 gold pieces.
You spent 564 gold pieces at shops.

Inventory:

Hand Weapons
 n - a +4 mace of freezing
 R - a +4 double sword of holy wrath (weapon)
Armour
 b - the cursed +0 buckler of the Blind Marksman (worn) {+Inv MR+}
   (You found it on level 10 of the Dungeon)

   It affects your resistance to hostile enchantments.
   It lets you turn invisible.
   It has a curse placed upon it.
 c - a +0 kite shield
 f - a +0 pair of gloves (worn)
 g - a +0 cloak (worn)
 h - a +3 chain mail of cold resistance
 C - a +3 leather armour
 S - a +3 chain mail of magic resistance (worn)
Jewellery
 i - a +4 ring of evasion (left hand)
 l - an uncursed amulet of guardian spirit
 o - an uncursed ring of protection from magic
 w - a +4 ring of evasion
 A - an uncursed ring of see invisible
 B - a +6 ring of strength (right hand)
 D - an uncursed ring of fire
 E - an uncursed ring of ice {unknown}
 G - a +6 ring of dexterity
 I - an uncursed amulet of reflection
 J - an amulet of regeneration (around neck)
 L - an uncursed ring of wizardry
Wands
 v - a wand of polymorph (13)
 z - a wand of digging (6)
 H - a wand of acid (29)
 K - a wand of flame (32)
 M - a wand of iceblast (14)
Scrolls
 a - a scroll of enchant armour
 j - 2 scrolls of remove curse
 k - 9 scrolls of identify
 r - a scroll of blinking {unknown}
 s - 6 scrolls of teleportation
 u - a scroll of random uselessness {unknown}
 x - 2 scrolls of magic mapping
 y - 3 scrolls of enchant weapon
 F - 5 scrolls of amnesia
 N - a scroll of fear {unknown}
Potions
 d - 2 potions of might
 e - 6 potions of curing
 m - a potion of ambrosia
 p - a potion of flight {unknown}
 q - 3 potions of heal wounds
 t - 2 potions of cancellation
 P - 2 potions of haste


   Skills:
 + Level 10.3 Fighting
 + Level 8.0 Short Blades
 + Level 9.3 Long Blades
 + Level 8.0 Axes
 + Level 8.0 Maces & Flails
 + Level 8.0 Polearms
 + Level 8.0 Staves
 + Level 8.0 Slings
 + Level 8.0 Bows
 + Level 8.0 Crossbows
 + Level 8.0 Throwing
 + Level 10.3 Armour
 + Level 8.0 Dodging
 + Level 8.0 Stealth
 + Level 10.3 Shields
 + Level 8.0 Unarmed Combat
 + Level 8.0 Spellcasting
 + Level 6.7 Conjurations
 + Level 6.7 Hexes
 + Level 6.7 Summonings
 + Level 6.7 Necromancy
 + Level 6.7 Translocations
 + Level 6.7 Transmutations
 + Level 6.7 Fire Magic
 + Level 6.7 Ice Magic
 + Level 6.7 Air Magic
 + Level 6.7 Earth Magic
 + Level 6.7 Poison Magic
 + Level 8.8 Invocations
 + Level 8.0 Evocations


You had 26 spell levels left.
You knew the following spells:

 Your Spells              Type           Power        Failure   Level
a - Call Imp              Summ           ###.....     6%          2

Your spell library contained the following spells:

 Spells                   Type           Power        Failure   Level
 Corona                   Hex            ###....      4%          1
 Summon Small Mammal      Summ           ###.         4%          1
 Ensorcelled Hibernation  Hex/Ice        ###...       6%          2
 Call Canine Familiar     Summ           ###.....     12%         3
 Confusing Touch          Hex            ###.....     12%         3
 Dazzling Flash           Conj/Hex       ###...       12%         3
 Summon Guardian Golem    Hex/Summ       ###.....     12%         3
 Tukima's Dance           Hex            ###.....     12%         3
 Summon Ice Beast         Ice/Summ       ###.....     38%         4
 Summon Lightning Spire   Summ/Air       ###.....     38%         4
 Bolt of Magma            Conj/Fire/Erth ###.......   75%         5
 Iskenderun's Battlesphe  Conj           ###.....     75%         5
 Iron Shot                Conj/Erth      ###.......   99%         6
 Orb of Destruction       Conj           ###.......   100%        7
 Spellforged Servitor     Conj/Summ      ###.......   100%        7


Dungeon Overview and Level Annotations

Branches:
Dungeon (12/15)            Temple (1/1) D:6            Lair (0/6) D:10
    Orc (0/2) D:9

Altars:
Ashenzari
Cheibriados
Dithmenos
Elyvilon
Fedhas
Gozag
Hepliaklqana
Kikubaaqudgha
Nemelex Xobeh
Okawaru
Qazlal
Ru
Trog
Uskayaw
Vehumet
Wu Jian
Xom
Yredelemnul
Zin
The Shining One

Shops:
D:4 }   D:9 [


Innate Abilities, Weirdness & Mutations

Your experience applies equally to all skills.
You have very sharp teeth.
Your uncanny sense of smell can sniff out nearby items.
You have a pair of small horns on your head.
You are partially covered in iridescent scales. (AC +2)
You tend to lose your temper in combat.
Your flesh is heat resistant. (rF+)


Message History

The titanic slime creature is moderately wounded.
The titanic slime creature misses you.
You slice the titanic slime creature!!
Your headbutt misses the titanic slime creature.
The titanic slime creature is moderately wounded.
The titanic slime creature barely misses you.
You hit the titanic slime creature.
Your headbutt misses the titanic slime creature.
You bite the titanic slime creature.
The titanic slime creature is heavily wounded.
The titanic slime creature closely misses you.
You riposte.
You slash the titanic slime creature!
You headbutt the titanic slime creature.
The titanic slime creature is heavily wounded.
You hit the titanic slime creature.
Your bite misses the titanic slime creature.
The titanic slime creature is heavily wounded.
The titanic slime creature hits you!!!!
Ouch! That really hurt!
You die...

#.......... #..........
###'####+## #. ###.# #.
#.#.# #. #.#.### .. #.....#
# ### #.....##.# ∆ #.#
#.....@JY# #.# #.....####
#.. #........# #.#
####.....# ### #.# #.##..#
... #.# #.#..†####.# #.#
#.#.#.#.##.#######.#
#...............##..
##########.#.#.##.####.####


You could see a titanic slime creature and an ice beast.

Vanquished Creatures
  A hydra (D:12)
  A boulder beetle (D:12)
  9 two-headed ogres
  Nergalle (D:10)
  Urug (D:10)
  4 skeletal warriors (D:11)
  An unseen horror (D:12)
  Pikel (D:5)
  An ugly thing (D:11)
  A manticore (D:11)
  A cyclops (D:11)
  Joseph (D:8)
  2 gargoyles (D:12)
  A komodo dragon (D:10)
  A troll (shapeshifter) (D:11)
  4 trolls
  Prince Ribbit (D:7)
  A shadow (D:12)
  A wyvern (D:8)
  2 vampires
  A wraith (D:11)
  9 yaks
  Edmund (D:5)
  An acid dragon (D:12)
  4 water moccasins
  5 orc warriors
  3 black bears
  9 ice beasts
  5 sky beasts
  3 phantoms
  2 necrophages
  10 centaurs
  5 ogres
  3 big kobolds
  8 bullfrogs
  8 scorpions
  3 killer bees (D:7)
  17 wights
  3 howler monkeys
  3 bullfrog zombies
  A centaur zombie (D:6)
  2 quasits
  6 hounds
  7 orc priests
  5 jellies
  5 bullfrog skeletons
  2 centaur skeletons
  An iguana (D:9)
  7 orc wizards
  7 worker ants
  2 worker ant zombies
  10 gnolls
  15 adders
  6 river rats (D:6)
  3 shadow imps
  2 white imps (D:6)
  5 ufetubi
  5 worms
  3 dart slugs (D:1)
  4 leopard geckos
  41 orcs
  A ball python (D:6)
  7 giant cockroaches
  8 goblins
  10 hobgoblins
  8 jackals
  10 quokkas
  5 bats
  7 frilled lizards
  22 kobolds
  15 rats
371 creatures vanquished.

Vanquished Creatures (others)
  A kobold (D:11)
  8 plants
9 creatures vanquished.

Grand Total: 380 creatures vanquished

Notes
Turn   | Place    | Note
-------+----------+-------------------------------------------
     0 | D:1      | somkeydreadnuts the Gnoll Fighter began the quest for the
                  | Orb.
     0 | D:1      | Reached XP level 1. HP: 23/23 MP: 1/1
    73 | D:1      | Reached XP level 2. HP: 27/29 MP: 2/2
   564 | D:1      | Reached XP level 3. HP: 35/35 MP: 3/3
  1098 | D:2      | Reached skill level 1 in Invocations
  1189 | D:2      | Found a broken altar of Ashenzari.
  1243 | D:2      | Reached skill level 1 in Short Blades
  1243 | D:2      | Reached skill level 1 in Axes
  1243 | D:2      | Reached skill level 1 in Maces & Flails
  1243 | D:2      | Reached skill level 1 in Polearms
  1243 | D:2      | Reached skill level 1 in Staves
  1243 | D:2      | Reached skill level 1 in Slings
  1243 | D:2      | Reached skill level 1 in Bows
  1243 | D:2      | Reached skill level 1 in Crossbows
  1243 | D:2      | Reached skill level 1 in Throwing
  1243 | D:2      | Reached skill level 1 in Dodging
  1243 | D:2      | Reached skill level 1 in Stealth
  1243 | D:2      | Reached skill level 1 in Unarmed Combat
  1243 | D:2      | Reached skill level 1 in Spellcasting
  1243 | D:2      | Reached skill level 1 in Evocations
  1246 | D:2      | Reached XP level 4. HP: 27/41 MP: 5/5
  1501 | D:2      | Reached skill level 1 in Conjurations
  1501 | D:2      | Reached skill level 1 in Hexes
  1501 | D:2      | Reached skill level 1 in Summonings
  1501 | D:2      | Reached skill level 1 in Necromancy
  1501 | D:2      | Reached skill level 1 in Translocations
  1501 | D:2      | Reached skill level 1 in Transmutations
  1501 | D:2      | Reached skill level 1 in Fire Magic
  1501 | D:2      | Reached skill level 1 in Ice Magic
  1501 | D:2      | Reached skill level 1 in Air Magic
  1501 | D:2      | Reached skill level 1 in Earth Magic
  1501 | D:2      | Reached skill level 1 in Poison Magic
  1814 | D:2      | Found a radiant altar of Vehumet.
  1828 | D:2      | Reached XP level 5. HP: 44/47 MP: 6/6
  2346 | D:3      | Found a glowing silver altar of Zin.
  2346 | D:3      | Found a hide-covered altar of Uskayaw.
  2348 | D:3      | Found a shimmering altar of Xom.
  2643 | D:3      | Reached XP level 6. HP: 53/53 MP: 8/8
  2767 | D:4      | Reached skill level 5 in Long Blades
  3392 | D:4      | Noticed a water moccasin
  3392 | D:4      | an ogre changed into a water moccasin
  3400 | D:4      | Killed a water moccasin
  3400 | D:4      | Reached XP level 7. HP: 60/60 MP: 10/10
  3728 | D:4      | Found Ditoar's Gadget Shop.
  3748 | D:4      | Bought a wand of digging (6) for 220 gold pieces
  4484 | D:5      | Entered Level 5 of the Dungeon
  4484 | D:5      | Noticed Edmund
  4513 | D:5      | Killed Edmund
  4531 | D:5      | Reached XP level 8. HP: 45/67 MP: 8/12
  4910 | D:5      | Found an opulent altar of Gozag.
  5158 | D:5      | Reached XP level 9. HP: 72/72 MP: 14/14
  5231 | D:5      | Noticed Pikel
  5245 | D:5      | Killed Pikel
  5594 | D:5      | Found the +7 great mace "Firestarter" {inner flame, rF++}
  5670 | D:6      | Found a staircase to the Ecumenical Temple.
  5731 | Temple   | Entered the Ecumenical Temple
  5797 | Temple   | Became a worshipper of the Shining One
  6256 | D:6      | Reached skill level 5 in Invocations
  6265 | D:6      | Found a shadowy altar of Dithmenos.
  6333 | D:6      | Found a snail-covered altar of Cheibriados.
  6401 | D:6      | Reached * piety under the Shining One
  6673 | D:7      | Gained mutation: You tend to lose your temper in combat.
                  | [potion of mutation]
  6673 | D:7      | Gained mutation: Your flesh is heat resistant. (rF+)
                  | [potion of mutation]
  6673 | D:7      | Gained mutation: You are partially covered in iridescent
                  | scales. (AC +2) [potion of mutation]
  6673 | D:7      | Gained mutation: You have a pair of small horns on your
                  | head. [potion of mutation]
  6714 | D:7      | Reached XP level 10. HP: 80/80 MP: 17/17
  6732 | D:7      | Found a white marble altar of Elyvilon.
  6775 | D:7      | Noticed Prince Ribbit
  6800 | D:7      | Reached skill level 5 in Short Blades
  6800 | D:7      | Reached skill level 5 in Axes
  6800 | D:7      | Reached skill level 5 in Maces & Flails
  6800 | D:7      | Reached skill level 5 in Polearms
  6800 | D:7      | Reached skill level 5 in Staves
  6800 | D:7      | Reached skill level 5 in Slings
  6800 | D:7      | Reached skill level 5 in Bows
  6800 | D:7      | Reached skill level 5 in Crossbows
  6800 | D:7      | Reached skill level 5 in Throwing
  6800 | D:7      | Reached skill level 5 in Dodging
  6800 | D:7      | Reached skill level 5 in Stealth
  6800 | D:7      | Reached skill level 5 in Unarmed Combat
  6800 | D:7      | Reached skill level 5 in Spellcasting
  6800 | D:7      | Reached skill level 5 in Evocations
  6802 | D:7      | Killed Prince Ribbit
  7266 | D:8      | Reached ** piety under the Shining One
  7588 | D:8      | Learned a level 2 spell: Call Imp
  7745 | D:8      | Noticed Joseph
  7769 | D:8      | Killed Joseph
  7932 | D:8      | Found an iron altar of Okawaru.
  8063 | D:9      | Noticed a two-headed ogre
  8075 | D:9      | Killed a two-headed ogre
  8075 | D:9      | Reached XP level 11. HP: 32/87 MP: 19/19
  8195 | D:9      | Found Lasen's Armour Shop.
  8236 | D:9      | Bought a +3 chain mail of cold resistance for 344 gold
                  | pieces
  8565 | D:9      | Noticed a two-headed ogre
  8575 | D:9      | Killed a two-headed ogre
  8575 | D:9      | Reached skill level 5 in Conjurations
  8575 | D:9      | Reached skill level 5 in Hexes
  8575 | D:9      | Reached skill level 5 in Summonings
  8575 | D:9      | Reached skill level 5 in Necromancy
  8575 | D:9      | Reached skill level 5 in Translocations
  8575 | D:9      | Reached skill level 5 in Transmutations
  8575 | D:9      | Reached skill level 5 in Fire Magic
  8575 | D:9      | Reached skill level 5 in Ice Magic
  8575 | D:9      | Reached skill level 5 in Air Magic
  8575 | D:9      | Reached skill level 5 in Earth Magic
  8575 | D:9      | Reached skill level 5 in Poison Magic
  8618 | D:9      | Found a staircase to the Orcish Mines.
  8827 | D:10     | Entered Level 10 of the Dungeon
  8859 | D:10     | Noticed a two-headed ogre
  8865 | D:10     | Killed a two-headed ogre
  8931 | D:10     | Noticed Nergalle
  8958 | D:10     | Killed Nergalle
  9022 | D:10     | Noticed Urug
  9044 | D:10     | Killed Urug
  9142 | D:10     | Got a heavily runed buckler
  9153 | D:10     | Identified the cursed +0 buckler of the Blind Marksman
                  | {+Inv MR+} (You found it on level 10 of the Dungeon)
  9255 | D:10     | Reached *** piety under the Shining One
  9406 | D:10     | Found a staircase to the Lair.
  9683 | D:11     | Reached **** piety under the Shining One
  9765 | D:11     | Noticed a brown ugly thing
  9778 | D:11     | Killed a brown ugly thing
  9819 | D:11     | Noticed a skeletal warrior
  9821 | D:11     | Noticed a skeletal warrior
  9822 | D:11     | Noticed a skeletal warrior
  9827 | D:11     | Killed a skeletal warrior
  9842 | D:11     | Killed a skeletal warrior
  9842 | D:11     | Reached XP level 12. HP: 66/96 MP: 22/22
  9875 | D:11     | Noticed a two-headed ogre
  9877 | D:11     | Found a gate leading to a gauntlet.
  9885 | D:11     | Killed a two-headed ogre
 10244 | D:11     | Reached ***** piety under the Shining One
 10291 | D:11     | Noticed a two-headed ogre
 10299 | D:11     | Killed a two-headed ogre
 10600 | D:12     | Reached skill level 10 in Fighting
 10600 | D:12     | Reached skill level 10 in Armour
 10600 | D:12     | Reached skill level 10 in Shields
 10636 | D:12     | Noticed a boulder beetle
 10659 | D:12     | Noticed a two-headed ogre
 10665 | D:12     | Killed a two-headed ogre
 10705 | D:12     | Killed a boulder beetle
 10797 | D:12     | Noticed a two-headed ogre
 10803 | D:12     | Killed a two-headed ogre
 10966 | D:12     | Noticed a two-headed ogre
 10974 | D:12     | Killed a two-headed ogre
 10974 | D:12     | Reached XP level 13. HP: 81/103 MP: 24/24
 11254 | D:12     | Slain by a titanic slime creature

Illustrated notes

Levels and vault maps discovered:
D:1:      dpeg_arrival_rooms_c, layout_basic
D:2:      layout_basic, old_standard_altar, lemuel_doored_altar,
          guppyfry_early_lair_pool
D:3:      layout_basic, nicolae_overflow_hidden_temple
D:4:      layout_layer_cave, serial_shops, nicolae_shop_window_shopping,
          serial_bayou_pond_a
D:5:      layout_basic, minmay_ruined_shrine, uniq_edmund, uniq_pikel
D:6:      lemuel_ratsnest, layout_basic, overflow_temple_1_default,
          overflow_temple_1_default, minmay_temple_entry_statues_pillars
D:7:      layout_rooms, elyvilon_altar_1, chequers_mini_garden,
          kennysheep_generic_room_15, uniq_prince_ribbit1
D:8:      layout_basic, okawaru_altar_gauntlet_db, kennysheep_generic_room_6,
          uniq_joseph
D:9:      layout_loops_ring, orc_0_dummy, serial_shops, shop
D:10:     layout_gridville, david_lair_shrubbed, uniq_nergalle, uniq_urug
D:11:     layout_basic, gauntlet_entry_generic, lemuel_old_faithful
D:12:     layout_basic
Temple:   minmay_freezing_vapour_temple

Skill      XL: |  1  2  3  4  5  6  7  8  9 10 11 12 13 |
---------------+----------------------------------------+-----
Invocations    | 1 2 3 4 5 6 7 8 |  8.8
Short Blades   | 1 2 3 4 5 6 7 8 |  8.0
Axes           | 1 2 3 4 5 6 7 8 |  8.0
Maces & Flails | 1 2 3 4 5 6 7 8 |  8.0
Polearms       | 1 2 3 4 5 6 7 8 |  8.0
Staves         | 1 2 3 4 5 6 7 8 |  8.0
Slings         | 1 2 3 4 5 6 7 8 |  8.0
Bows           | 1 2 3 4 5 6 7 8 |  8.0
Crossbows      | 1 2 3 4 5 6 7 8 |  8.0
Throwing       | 1 2 3 4 5 6 7 8 |  8.0
Dodging        | 1 2 3 4 5 6 7 8 |  8.0
Stealth        | 1 2 3 4 5 6 7 8 |  8.0
Unarmed Combat | 1 2 3 4 5 6 7 8 |  8.0
Spellcasting   | 1 2 3 4 5 6 7 8 |  8.0
Evocations     | 1 2 3 4 5 6 7 8 |  8.0
Conjurations   | 1 2 3 4 5 6 |  6.7
Hexes          | 1 2 3 4 5 6 |  6.7
Summonings     | 1 2 3 4 5 6 |  6.7
Necromancy     | 1 2 3 4 5 6 |  6.7
Translocations | 1 2 3 4 5 6 |  6.7
Transmutations | 1 2 3 4 5 6 |  6.7
Fire Magic     | 1 2 3 4 5 6 |  6.7
Ice Magic      | 1 2 3 4 5 6 |  6.7
Air Magic      | 1 2 3 4 5 6 |  6.7
Earth Magic    | 1 2 3 4 5 6 |  6.7
Poison Magic   | 1 2 3 4 5 6 |  6.7
Long Blades    | 5 6 7 8 9 |  9.3
Fighting       | 7 8 9 10 | 10.3
Armour         | 7 8 9 10 | 10.3
Shields        | 7 8 9 10 | 10.3

Action                   |  1- 3 |  4- 6 |  7- 9 | 10-12 | 13-15 || total
-------------------------+-------+-------+-------+-------+-------++-------
Melee: Long sword        |    98 |   185 |   348 |   133 |       ||   764
       Bite              |    12 |    23 |    63 |    82 |     9 ||   189
       Headbutt          |       |       |     3 |   151 |    15 ||   169
       Flail             |       |       |       |   138 |       ||   138
       Double sword      |       |       |       |   251 |    41 ||   292
       Mace              |       |       |       |       |     7 ||     7
Evoke: Wand              |       |     1 |       |     4 |       ||     5
  Use: Potion            |       |       |     3 |       |       ||     3
       Scroll            |       |       |     1 |    14 |       ||    15
 Stab: Sleeping          |       |       |     1 |       |       ||     1
Armor: Scale mail        |    38 |    73 |    18 |       |       ||   129
       Leather armour    |       |       |    60 |    27 |       ||    87
       Chain mail        |       |       |       |    91 |    10 ||   101
Dodge: Dodged            |    37 |   112 |   289 |   401 |    43 ||   882
Block: Kite shield       |    85 |   147 |   248 |   192 |       ||   672
       Reflection        |       |       |       |     4 |       ||     4
       Buckler           |       |       |       |    99 |    17 ||   116
       Rpst.: Long sword |    13 |    28 |    71 |    15 |       ||   127
       Double sword      |       |       |       |    48 |     6 ||    54

Table legend: (Time is in decaauts)
 A = Elapsed time spent in this place.
 B = Non-inter-level travel time spent in this place.
 C = Inter-level travel time spent in this place.
 D = Time resting spent in this place.
 E = Time spent auto-exploring this place.
 F = Levels seen in this place.
 G = Mean time per level.
                   A        B        C        D        E       F      G
               +--------+--------+--------+--------+--------+-----+--------+
         Total |  11449 |   9768 |   1681 |      0 |   6959 |  13 |  880.7 |
       Dungeon |  11377 |   9763 |   1614 |      0 |   6959 |  12 |  948.1 |
        Temple |     71 |      4 |     67 |      0 |      0 |   1 |   71.0 |
               +--------+--------+--------+--------+--------+-----+--------+

Top non-repeatable levels by time:
     D:4: 1779 daAuts
     D:5: 1216 daAuts
     D:1: 1076 daAuts
     D:2: 1009 daAuts
     D:6: 926 daAuts
    D:11: 926 daAuts
     D:8: 849 daAuts
    D:10: 846 daAuts
     D:9: 781 daAuts
    D:12: 699 daAuts
     D:3: 680 daAuts
     D:7: 585 daAuts
  Temple: 71 daAuts
